 Dungeon Crawl Stone Soup version 0.17-a0-1181-gabc46e6 (webtiles) character file.

88 Fluffy the Skirmisher (level 4, 0/37 HPs)
             Began as a Demonspawn Fighter on May 31, 2015.
             Was an Initiate of Qazlal.
             Succumbed to poison (a potion of poison)
             ... on level 3 of the Dungeon.
             The game lasted 00:03:46 (2241 turns).

Fluffy the Skirmisher (Demonspawn Fighter)          Turns: 2241, Time: 00:03:46

Health: 0/37       AC: 11    Str: 17    XL:     4   Next: 30%
Magic:  4/4        EV:  4    Int:  9    God:    Qazlal [......]
Gold:   110        SH:  8    Dex: 13    Spells: 0 memorised, 3 levels left

rFire  + . .     SeeInvis .     a - +0 long sword
rCold  x . .     Clarity  .     t - +0 chain mail
rNeg   . . .     SustAt   .     c - +0 shield
rPois  .         Gourm    .     (helmet restricted)
rElec  .         Spirit   .     (no cloak)
rCorr  +         Warding  .     (no gloves)
rMut   .         Stasis   .     n - +0 pair of boots
MR     .....                    i - amulet of resist corrosion
Stlth  ..........               (no ring)
                                u - ring of fire

@: lethally poisoned (0 -> -14), drained, not resistant to hostile enchantments,
extremely unstealthy
A: horns 1, icy blue scales 1
a: Renounce Religion


You were on level 3 of the Dungeon.
You worshipped Qazlal.
Qazlal was noncommittal.
You were not hungry.

You visited 1 branch of the dungeon, and saw 3 of its levels.

You collected 110 gold pieces.

Inventory:

Hand weapons
 a - a +0 long sword (weapon)
Armour
 c - a +0 shield (worn)
 n - a +0 pair of boots (worn)
 t - a +0 chain mail (worn)
Jewellery
 i - an amulet of resist corrosion (around neck)
 u - a ring of fire (left hand)
Scrolls
 f - a scroll of fear {unknown}
 g - a scroll of teleportation {unknown}
 h - 6 scrolls of identify {unknown}
 k - a scroll of enchant armour {unknown}
 l - a scroll of blinking {unknown}
 m - a scroll of fog {unknown}
 o - a scroll of noise {unknown}
 p - a scroll of remove curse {unknown}
 r - 2 scrolls of amnesia {unknown}
 w - a scroll of magic mapping {unknown}
Potions
 d - a potion of might
Comestibles
 b - a beef jerky
 e - 2 bread rations
 j - a meat ration
 v - a chunk of flesh


   Skills:
 + Level 3.8(3.2) Fighting
 + Level 2.9(2.3) Long Blades
 + Level 3.3(2.7) Armour
 - Level 2.6(2.1) Shields
 + Level 0.6(0.1) Invocations


You had 3 spell levels left.
You didn't know any spells.

Dungeon Overview and Level Annotations

Branches:
Dungeon (3/15)

Altars:
Ashenzari
Fedhas
Gozag
Kikubaaqudgha
Makhleb
Qazlal
Zin
The Shining One


Innate Abilities, Weirdness & Mutations

You have a pair of small horns on your head.
You are partially covered in icy blue scales (AC +1).


Message History

You closely miss the orc. You headbutt the orc.
The orc is severely wounded.
The orc hits you with a hand axe.
The orc hits you from afar with a trident of piercing.
* * * LOW HITPOINT WARNING * * *
x2 You hit the orc.
You kill the orc!
Qazlal accepts your kill.
You feel sick. The orc barely misses you.
Drink which item? (? for menu, Esc to quit)
It was a potion of poison.
That liquid tasted very nasty...
You are lethally poisoned!
* * * LOW HITPOINT WARNING * * *
You feel sick. The orc completely misses you.
The orc hits you with a short sword.
* * * LOW HITPOINT WARNING * * *
Drink which item? (? for menu, Esc to quit)
It was a potion of cancellation.
You feel magically purged.
You die...

#.####.##.#
.##.#. #.##
#.##.#
#...... ..#.
..#..#
#.##.##
..###.####.##
...
......##...##
#.## ..
#.......# #
...
###....##†#
#....####.#
#.##@# #.# #
#o# #.# ?o.
#.# ##.## #.#
#.# #.# '..
#.# #.# #.#


You could see 2 orcs.

Vanquished Creatures
  4 adders
  An ooze (D:2)
  2 worms (D:2)
  2 orcs (D:3)
  4 bats
  7 hobgoblins
  2 giant geckos (D:2)
  4 giant newts
  4 goblins
  3 jackals (D:1)
  5 kobolds
  6 rats
44 creatures vanquished.

Notes
Turn   | Place    | Note
--------------------------------------------------------------
     0 | D:1      | Fluffy the Demonspawn Fighter began the quest for the Orb.
     0 | D:1      | Reached XP level 1. HP: 18/18 MP: 1/1
   611 | D:1      | Gained mutation: You have a pair of small horns on your head. [demonic ancestry]
   611 | D:1      | Reached XP level 2. HP: 20/24 MP: 2/2
  1220 | D:2      | Reached XP level 3. HP: 29/29 MP: 3/3
  1397 | D:2      | Found an opulent altar of Gozag.
  1649 | D:2      | Found a shattered altar of Ashenzari.
  1655 | D:2      | Found a glowing golden altar of the Shining One.
  1655 | D:2      | Found a stormy altar of Qazlal.
  1655 | D:2      | Found an ancient bone altar of Kikubaaqudgha.
  1657 | D:2      | Found a burning altar of Makhleb.
  1658 | D:2      | Found a glowing silver altar of Zin.
  1660 | D:2      | Found a blossoming altar of Fedhas.
  1663 | D:2      | Became a worshipper of Qazlal Stormbringer
  1825 | D:3      | Gained mutation: You are partially covered in icy blue scales (AC +1). [demonic ancestry]
  1825 | D:3      | Reached XP level 4. HP: 13/37 MP: 4/4
  2240 | D:3      | HP: 1/37 [orc/short sword (2)]
  2241 | D:3      | Succumbed to poison (a potion of poison)

Vault maps used:
D:1:      lemuel_arrival_hallway
D:2:      minitemple, serial_glass, glass_columns_a, glass_columns_c,
          glass_columns_a, st_stairs_11, minmay_ruptured
D:3:      serial_corexii_hall, corexii_hall_statues_deadend,
          corexii_hall_statues_t

Action                   |  1- 3 |  4- 6 || total
-------------------------+-------+-------++-------
Melee: Long sword        |   133 |    28 ||   161
  Use: Potion            |       |     2 ||     2
  Eat: Chunk             |     3 |     1 ||     4
